AoeStats
← Gregory176144

Arena

510386234Analyzed
1v1 RM · 1d ago on Sep 30, 2026· 37m 53s· 2 players
Game mode
Random Map
Map size
Tiny (2 player)
Population
200
Speed
Normal
Resources
Standard
Victory
Conquest
Starting age
Dark Age
Ending age
Imperial Age
RankedLock teamsTeams togetherTeam positionsShared explorationLock speedFull tech treeHidden civsTurbo modeCheats
Victory
Defeat
🇦🇷 Vikings · Argentina
1380
+16
🇦🇷 Maya · Argentina
1378
-16
MALETA
0:26 Loom
10:50 Feudal Age
14:50 Castle Age
12:58 Double-Bit Axe
13:26 Horse Collar
13:54 Gold Mining
15:57 Bow Saw
17:26 Wheelbarrow
25:34 Imperial Age
23:28 Fletching
25:18 Bodkin Arrow
26:37 Ballistics
26:19 Padded Archer Armor
27:19 Conscription
28:15 Hand Cart
28:17 Leather Archer Armor
30:31 Bracer
32:46 Ring Archer Armor
34:19 Scale Mail Armor
36:15 Chemistry
34:52 Crossbowman
36:50 Arbalester
38:31 Thumb Ring
Gregory176144
9:51 Feudal Age
13:36 Castle Age
12:00 Horse Collar
12:39 Double-Bit Axe
14:29 Bow Saw
17:55 Loom
21:53 Treadmill Crane
22:45 Gold Mining
24:19 Gold Shaft Mining
23:35 Stone Mining
25:16 Town Watch
28:50 Imperial Age
26:14 Fletching
27:17 Ballistics
26:53 Bodkin Arrow
27:41 Padded Archer Armor
27:03 Crossbowman
29:07 Leather Archer Armor
28:53 Arbalester
29:34 Bracer
30:36 Chemistry
33:59 Chemistry
34:03 Ring Archer Armor
33:40 Bogsveigar
35:57 Conscription
37:10 Siege Engineers
38:20 Two-Man Saw
Connection lost

Rejoining the realm…

Still unreachable

The connection could not be restored.

Session expired

The server has moved on; the page needs a fresh start.